 Dungeon Crawl Stone Soup version 0.26.0-90-g5fd8617961 (webtiles) character file.

Game seed: 2632109095874859156

4841 hawla the Destroyer (level 10, -3/69 HPs)
             Began as a White Draconian Conjurer on Feb 3, 2021.
             Was an Initiate of Gozag.
             Slain by a troll (16 damage)
             ... on level 10 of the Dungeon.
             The game lasted 00:31:32 (12581 turns).

hawla the Destroyer (White Draconian Conjurer)     Turns: 12581, Time: 00:31:33

Health: -3/69      AC: 13    Str:  9    XL:     10   Next: 25%
Magic:  3/22       EV: 16    Int: 23    God:    Gozag
Gold:   279        SH:  0    Dex:  9    Spells: 13/25 levels left

rFire    . . .     SeeInvis .   F - staff of cold
rCold    + + .     Faith    .   (no shield)
rNeg     . . .     Spirit   .   (armour unavailable)
rPois    .         Reflect  .   (helmet restricted)
rElec    .         Harm     .   c - scarf {+Inv}
rCorr    .         Rampage  .   v - +0 pair of gloves (curse)
Will     .....                  o - +0 pair of boots
Stlth    ++........             (no amulet)
HPRegen  0.21/turn              m - +4 ring of evasion
MPRegen  0.18/turn              y - +4 ring of protection

@: gold aura, very slightly contaminated
A: breathe frost, unfitting armour, cold resistance 1, cold-blooded, AC +7
a: Breathe Frost, Renounce Religion, Evoke Invisibility, Potion Petition, Call
Merchant, Bribe Branch


You were on level 10 of the Dungeon.
You worshipped Gozag.
Gozag was aware of your devotion.
You visited 1 branch of the dungeon, and saw 10 of its levels.

You collected 1633 gold pieces.
You spent 1247 gold pieces at shops.
You paid 107 gold pieces to Gozag.

Inventory:

Hand Weapons
 B - the +2 trident of the Well-Known Dreams {vorpal, Str+6}
   (You found it on level 7 of the Dungeon)

   It inflicts extra damage upon your enemies.
   It affects your strength (+6).
 C - a +1 vorpal quarterstaff
Missiles
 q - 27 poisoned darts (quivered)
Armour
 c - a scarf of invisibility (worn)
 o - a +0 pair of boots (worn)
 s - a +1 cloak
 v - a cursed +0 pair of gloves (worn)
Magical Staves
 F - an uncursed staff of cold (weapon)
Jewellery
 e - an uncursed amulet of guardian spirit
 m - a +4 ring of evasion (left hand)
 t - an uncursed ring of protection from cold
 y - a +4 ring of protection (right hand)
 A - an uncursed ring of flight
 I - an uncursed ring of wizardry {unknown}
Wands
 p - a wand of digging (4)
 H - a wand of disintegration (9)
 M - a wand of flame (29)
 N - a wand of paralysis (5)
Scrolls
 a - 4 scrolls of enchant weapon
 b - 3 scrolls of enchant armour
 h - 14 scrolls of remove curse
 i - 3 scrolls of amnesia
 j - 3 scrolls of fog
 l - 12 scrolls of identify
 r - a scroll of noise
 u - 3 scrolls of magic mapping
 x - 4 scrolls of immolation {unknown}
 J - 3 scrolls of fear
 K - 2 scrolls of blinking
 L - a scroll of teleportation
Potions
 d - 5 potions of flight
 g - 2 potions of curing
 k - 2 potions of berserk rage
 n - a potion of invisibility
 z - a potion of resistance {unknown}
 D - a potion of lignification {unknown}
 E - a potion of magic {unknown}
 G - a potion of degeneration {unknown}


   Skills:
 + Level 5.4 Staves
 - Level 1.7 Dodging
 - Level 1.7 Stealth
 + Level 8.0 Spellcasting
 - Level 9.0 Conjurations
 - Level 1.0 Hexes
 - Level 1.0 Translocations
 + Level 8.6 Ice Magic
 + Level 2.3 Evocations


You had 13 spell levels left.
You knew the following spells:

 Your Spells              Type           Power        Failure   Level
a - Magic Dart            Conj           100%         1%          1
b - Searing Ray           Conj           100%         1%          2
c - Iskenderun's Mystic   Conj/Tloc      32%          9%          4
d - Metabolic Englaciati  Hex/Ice        23%          26%         5

Your spell library contained the following spells:

 Spells                   Type           Power        Failure   Level
 Dazzling Flash           Conj/Hex       64%          2%          3
 Fulminant Prism          Conj/Hex       16%          9%          4
 Confusing Touch          Hex            13%          14%         3
 Gell's Gravitas          Tloc           6%           14%         3
 Petrify                  Tmut/Erth      9%           56%         4
 Yara's Violent Unravell  Hex/Tmut       5%           83%         5


Dungeon Overview and Level Annotations

Branches:
Dungeon (10/15)            Temple (0/1) D:5            Lair (0/6) D:8
    Orc (0/2) D:9

Altars:
Dithmenos
Fedhas
Gozag
Kikubaaqudgha
Nemelex Xobeh
Qazlal
Trog
Uskayaw
Wu Jian
Xom

Shops:
D:4 [?[??   D:6 }


Innate Abilities, Weirdness & Mutations

You can breathe waves of freezing cold.
You can buffet flying creatures when you breathe cold.
Your icy white scales are hard. (AC +7)
You cannot fit into any form of body armour.
Your flesh is cold resistant. (rC+)
You are cold-blooded and may be slowed by cold attacks.


Message History

You finish channeling your searing ray.
The adder misses you. The troll closely misses you. The troll claws you!
The troll closely misses you. Something hits you but does no damage.
You are poisoned.
The adder barely misses you.
Casting: Searing Ray (safe; 1% risk of failure)
Confirm with . or Enter, or press ? or * to list all spells.
You don't have enough magic to cast that spell.
You feel sick.
You hear a zap.
A bolt of acid appears from out of thin air!
The bolt of acid hits the adder!
The adder is splashed with acid.
The adder dies!
The bolt of acid hits you.
* * * LOW HITPOINT WARNING * * *
You are splashed with acid!
* * * LOW HITPOINT WARNING * * *
You feel better. The troll bites you!
You die...
Your body crumbles into a pile of gold.

# ..[..... ....# #.
#.#....# ....## ##.#
#.##..# ###.....# $ #...#
#..#..###........
.....####................
.........................
#......T$................
#....$.$@..$.............
......{#.##..#...........
............###.........#
....##.......##..........
$ ...
##............#.##.. ..
#......#....####..# .
....#.####....###..#
....###.......##...#
#>...........#


You could see a troll.

Vanquished Creatures
  Erica (D:8)
  A two-headed ogre (D:9)
  A yak (D:9)
  3 orc warriors
  2 necrophages (D:9)
  2 black bears
  A phantom (D:6)
  An ice beast (D:8)
  6 ogres
  2 centaurs
  A big kobold (D:8)
  3 bullfrogs
  2 killer bees (D:9)
  6 wights
  2 howler monkeys
  3 centaur zombies
  A quasit (D:6)
  5 jellies
  2 hounds
  A bullfrog skeleton (D:4)
  4 orc priests
  5 orc wizards
  Ijyb (D:4)
  4 iguanas
  5 worker ants
  A hound skeleton (D:7)
  3 worker ant zombies
  A howler monkey skeleton (D:5)
  9 adders
  3 gnolls (D:7)
  2 shadow imps
  2 white imps
  2 ufetubi
  An ooze (D:4)
  An adder skeleton (D:6)
  5 worms
  2 dart slugs (D:3)
  2 leopard geckos
  28 orcs
  7 bats
  6 giant cockroaches
  6 goblins
  7 hobgoblins
  4 jackals (D:5)
  18 kobolds
  6 quokkas
  A frilled lizard (D:4)
  A leopard gecko skeleton (D:4)
  A quokka zombie (D:5)
  3 rats (D:2)
187 creatures vanquished.

Vanquished Creatures (others)
  An adder (D:10)
  4 toadstools (D:3)
  3 withered plants (D:9)
8 creatures vanquished.

Grand Total: 195 creatures vanquished

Notes
Turn   | Place    | Note
-------+----------+-------------------------------------------
     0 | D:1      | hawla the Draconian Conjurer began the quest for the Orb.
     0 | D:1      | Reached XP level 1. HP: 14/14 MP: 3/3
   675 | D:1      | Reached XP level 2. HP: 20/20 MP: 3/5
   689 | D:1      | Learned a level 2 spell: Searing Ray
  1492 | D:2      | You fall into a shaft and drop 2 floors!
  1539 | D:4      | Found a stormy altar of Qazlal.
  1639 | D:4      | Reached XP level 3. HP: 26/26 MP: 2/6
  1776 | D:4      | Found Ruinn's Magic Scroll Shop.
  1902 | D:4      | Found Zeigyoh's Antique Armour Shoppe.
  1912 | D:4      | Reached skill level 5 in Conjurations
  1912 | D:4      | Reached XP level 4. HP: 33/33 MP: 1/8
  2048 | D:2      | You fall into a shaft and drop 1 floor!
  2211 | D:3      | Noticed an ogre
  2215 | D:3      | Killed an ogre
  2216 | D:3      | Reached XP level 5. HP: 38/38 MP: 3/10
  2223 | D:3      | Learned a level 4 spell: Iskenderun's Mystic Blast
  2454 | D:3      | Reached skill level 6 in Conjurations
  2639 | D:2      | Reached skill level 1 in Translocations
  2889 | D:2      | Found a blossoming altar of Fedhas.
  3103 | D:2      | Reached XP level 6. HP: 45/45 MP: 7/11
  3478 | D:3      | Found a faded altar of an unknown god.
  3478 | D:3      | Found an ancient bone altar of Kikubaaqudgha.
  3485 | D:3      | Found a hide-covered altar of Uskayaw.
  3487 | D:3      | Found a bloodstained altar of Trog.
  3489 | D:3      | Found an opulent altar of Gozag.
  3519 | D:3      | Found a shadowy altar of Dithmenos.
  3537 | D:3      | Found a sparkling altar of Nemelex Xobeh.
  3805 | D:3      | Became a worshipper of Gozag Ym Sagoz the Greedy
  4206 | D:4      | Found Obbefyusch's Magic Scroll Emporium.
  4273 | D:4      | Noticed Ijyb
  4279 | D:4      | Killed Ijyb
  4462 | D:4      | Found Giuxtak's Magic Scroll Boutique.
  4566 | D:4      | Found Ynere's Armour Shoppe.
  4620 | D:5      | Entered Level 5 of the Dungeon
  4714 | D:5      | Reached skill level 7 in Conjurations
  4865 | D:5      | Your scales start taking on an icy white colour.
  4865 | D:5      | Reached XP level 7. HP: 50/50 MP: 7/13
  4865 | D:5      | Gained mutation: Your flesh is cold resistant. (rC+) [White
                  | Draconian growth]
  5113 | D:5      | Found a shimmering altar of Xom.
  5479 | D:5      | Found a staircase to the Ecumenical Temple.
  5915 | D:6      | Found a stormy altar of Qazlal.
  5917 | D:6      | Found a shimmering altar of Xom.
  5961 | D:6      | Found Tulog's Gadget Emporium.
  5964 | D:6      | Reached skill level 1 in Staves
  5964 | D:6      | Reached skill level 1 in Ice Magic
  6289 | D:6      | Reached skill level 1 in Evocations
  6446 | D:6      | Reached skill level 8 in Conjurations
  6548 | D:6      | Reached skill level 5 in Spellcasting
  6548 | D:6      | Reached XP level 8. HP: 53/57 MP: 1/15
  7727 | D:7      | Reached skill level 9 in Conjurations
  8219 | D:7      | Got a crude trident
  8220 | D:7      | Identified the +2 trident of the Well-Known Dreams {vorpal,
                  | Str+6} (You found it on level 7 of the Dungeon)
  8244 | D:7      | Reached skill level 5 in Ice Magic
  8571 | D:7      | Learned a level 5 spell: Metabolic Englaciation
  8616 | D:8      | Noticed a death yak
  8616 | D:8      | Noticed Erica
  8619 | D:8      | Noticed a death yak
  8620 | D:8      | Noticed a death yak
  9098 | D:8      | Reached skill level 1 in Hexes
  9098 | D:8      | Reached XP level 9. HP: 62/62 MP: 13/18
  9336 | D:8      | Found a staircase to the Lair.
  9389 | D:8      | Killed Erica
  9790 | D:9      | Noticed a two-headed ogre
  9798 | D:9      | Killed a two-headed ogre
 10224 | D:9      | Reached XP level 10. HP: 69/69 MP: 11/21
 10230 | D:9      | Reached skill level 5 in Staves
 10347 | D:9      | Found an ornate altar of the Wu Jian Council.
 10762 | D:9      | Found a staircase to the Orcish Mines.
 10952 | D:10     | Entered Level 10 of the Dungeon
 11119 | D:4      | Bought a scroll of amnesia for 35 gold pieces
 11119 | D:4      | Bought a scroll of fog for 20 gold pieces
 11119 | D:4      | Bought a scroll of fear for 35 gold pieces
 11119 | D:4      | Bought a scroll of remove curse for 30 gold pieces
 11119 | D:4      | Bought a scroll of identify for 20 gold pieces
 11157 | D:4      | Bought a scroll of remove curse for 33 gold pieces
 11157 | D:4      | Bought a scroll of blinking for 82 gold pieces
 11157 | D:4      | Bought a scroll of blinking for 82 gold pieces
 11157 | D:4      | Bought a scroll of identify for 22 gold pieces
 11157 | D:4      | Bought a scroll of identify for 22 gold pieces
 11157 | D:4      | Bought a scroll of enchant armour for 82 gold pieces
 11157 | D:4      | Bought a scroll of teleportation for 33 gold pieces
 11204 | D:4      | Bought a scroll of identify for 28 gold pieces
 11204 | D:4      | Bought a scroll of magic mapping for 49 gold pieces
 11204 | D:4      | Bought a scroll of blinking for 105 gold pieces
 11204 | D:4      | Bought a scroll of identify for 28 gold pieces
 11204 | D:4      | Bought a scroll of teleportation for 42 gold pieces
 11204 | D:4      | Bought a scroll of identify for 28 gold pieces
 11204 | D:4      | Bought a scroll of fear for 49 gold pieces
 11204 | D:4      | Bought a scroll of identify for 28 gold pieces
 11204 | D:4      | Bought a scroll of remove curse for 42 gold pieces
 11242 | D:6      | Bought a wand of flame (14) for 120 gold pieces
 11242 | D:6      | Bought a wand of flame (15) for 127 gold pieces
 11242 | D:6      | Bought a wand of paralysis (5) for 105 gold pieces
 11346 | D:7      | Gained mutation: You are weak. (Str -2) [potion of
                  | mutation]
 11346 | D:7      | Lost mutation: You are weak. (Str -2) [potion of mutation]
 12581 | D:10     | Slain by a troll

Illustrated notes

Levels and vault maps discovered:
D:1:      minmay_arrival_three_doors, layout_loops_corners
D:2:      minmay_wonky_spiral, layout_loops_ring, lemuel_doored_altar
D:3:      layout_basic, marbit_many_paths, chequers_temple_overflow_minitemple,
          general_overflow_altar, minmay_gold_behind_fungi
D:4:      layout_basic, serial_shops, shop, shop, shop, nicolae_shop_stone,
          nicolae_shop_trees, lemuel_tele_altar, uniq_ijyb
D:5:      layout_loops_ring, minmay_temple_entry_glass, basic_altar,
          grunt_ministairs_7, kennysheep_nondescript
D:6:      layout_basic, nicolae_overflow_hidden_temple, serial_shops, shop
D:7:      layout_basic
D:8:      layout_loops_ring, led_sif_pool, dpeg_lair_monsters, uniq_erica
D:9:      layout_roguey, pdpol_wu_jian_five_deadly_venoms, orc_0_dummy,
          serial_undead, serial_undead_e, serial_undead_a, serial_undead_f,
          serial_undead_c, serial_undead_e, serial_undead_b, due_unseen_surprise
D:10:     cheibrodos_barr_body, layout_cave_pools, st_stairs_8

Skill      XL: |  1  2  3  4  5  6  7  8  9 10 |
---------------+-------------------------------+-----
Conjurations   | 5 6 7 8 9 |  9.0
Spellcasting   | 3 4 5 6 7 8 |  8.0
Translocations | 1 |  1.0
Staves         | 1 4 5 |  5.4
Ice Magic      | 2 5 8 |  8.6
Evocations     | 1 2 |  2.3
Hexes          | 1 |  1.0
Dodging        | |  1.7
Stealth        | |  1.7

Action                   |  1- 3 |  4- 6 |  7- 9 | 10-12 || total
-------------------------+-------+-------+-------+-------++-------
Melee: Unarmed           |    18 |    13 |    29 |       ||    60
       Tailslap          |     3 |     1 |     5 |     3 ||    12
       Quarterstaff      |       |       |    11 |       ||    11
       Trident           |       |       |     1 |       ||     1
       Staff             |       |       |     6 |    46 ||    52
 Cast: Magic Dart        |    24 |    35 |    25 |     8 ||    92
       Searing Ray       |    11 |    36 |    69 |    17 ||   133
       Iskenderun's Myst |       |     1 |    16 |    28 ||    45
       Metabolic Englaci |       |       |     2 |       ||     2
 Abil: Breathe Frost     |       |       |       |     1 ||     1
Evoke: Wand              |       |       |     1 |       ||     1
  Use: Scroll            |     3 |     6 |     7 |     3 ||    19
       Potion            |       |       |     2 |     8 ||    10
Armor: Skin              |     9 |     7 |    26 |    43 ||    85
Dodge: Dodged            |    19 |    18 |   106 |   110 ||   253
